 Dungeon Crawl Stone Soup version 0.22-a0-439-gac93bac (webtiles) character file.

39 Mgcat the Chopper (level 3, -7/31 HPs)
             Began as a Hill Orc Berserker on May 29, 2018.
             Was a Follower of Trog.
             Mangled by a gnoll
             ... wielding a +0 spear
              (8 damage)
             ... on level 2 of the Dungeon.
             The game lasted 00:00:51 (161 turns).

Mgcat the Chopper (Hill Orc Berserker)               Turns: 161, Time: 00:00:51

Health: -7/31      AC:  2    Str: 20    XL:     3   Next: 47%
Magic:  3/3        EV: 12    Int:  7    God:    Trog [*.....]
Gold:   11         SH:  0    Dex: 10    Spells: 2/2 levels left

rFire    . . .     SeeInvis .   a - +0 hand axe
rCold    . . .     Gourm    .   (no shield)
rNeg     . . .     Faith    .   b - +0 animal skin
rPois    .         Spirit   .   (no helmet)
rElec    .         Reflect  .   (no cloak)
rCorr    .         Harm     .   (no gloves)
MR       .....                  (no boots)
Stlth    +.........             (no amulet)
HPRegen  0.10/turn              (no ring)
MPRegen  0.08/turn              (no ring)

@: berserk cooldown, slowed, very slow
A: no striking features
a: Berserk, Renounce Religion


You were on level 2 of the Dungeon.
You worshipped Trog.
Trog was aware of your devotion.
You were not hungry.

You visited 1 branch of the dungeon, and saw 2 of its levels.

You collected 11 gold pieces.

Inventory:

Hand Weapons
 a - a +0 hand axe (weapon)
Armour
 b - a +0 animal skin (worn)
Comestibles
 c - 2 rations
 d - 4 chunks of flesh {@w0}


   Skills:
 - Level 3.6 Fighting
 + Level 5.9 Axes
 - Level 2.1 Armour
 - Level 1.5 Dodging


You had 2 spell levels left.
You didn't know any spells.
Your spell library was empty.

Dungeon Overview and Level Annotations

Branches:
Dungeon (2/15)

Altars:


Message History

The bat misses you. The bat barely misses you.
You barely miss the bat.
The bat is moderately wounded.
The bat closely misses you.
You barely miss the bat.
The bat is moderately wounded.
The bat completely misses you.
A goblin comes into view.
The bat closely misses you. The bat hits you but does no damage.
You hit the bat.
You kill the bat!
Trog accepts your kill.
You have reached level 2!
The goblin shouts!
The goblin hits you.
You slash the goblin!
You kill the goblin!
Trog accepts your kill.
No target in view!
No target in view!
You butcher the goblin corpse.
d - 4 chunks of flesh {@w0} (gained 2)
A gnoll comes into view. It is wielding a spear.
The gnoll shouts!
You hear a shout! 2 gnolls come into view.
The gnoll hits you from afar with a spear.
The gnoll moves out of view.
A red film seems to cover your vision as you go berserk!
You feel yourself moving faster!
You feel mighty!
You feel quite a bit more hungry.
A bat comes into view.
The gnoll hits you but does no damage.
You feel a strong urge to attack something.
A gnoll comes into view.
The gnoll shouts! x2
A goblin comes into view.
You closely miss the gnoll.
The goblin shouts!
You hear a shout!
The gnoll misses you.
A kobold comes into view.
You slash the gnoll!
You kill the gnoll!
Trog accepts your kill.
Your Axes skill increases to level 5!
You closely miss the bat. The bat hits you but does no damage.
You closely miss the bat. The bat misses you.
You slash the gnoll!
The gnoll is heavily wounded.
You miss the bat. The bat hits you but does no damage. x2
The gnoll completely misses you.
You completely miss the gnoll.
The gnoll is heavily wounded.
You slash the bat!
You kill the bat!
Trog accepts your kill.
You hit the gnoll.
The gnoll is severely wounded.
The gnoll hits you with a flail.
You are too injured to fight recklessly!
You are too injured to fight recklessly!
You are too injured to fight recklessly!
You are too injured to fight recklessly!
You are too injured to fight recklessly!
The gnoll hits you with a spear! The gnoll hits you.
You see here a spear.
You slash the gnoll!
The gnoll is severely wounded.
You slash the gnoll! You hit the gnoll.
You kill the gnoll!
Trog accepts your kill.
You have reached level 3!
Your experience leads to an increase in your attributes!
Your base attributes are Str 19, Int 7, Dex 10.
Increase (S)trength, (I)ntelligence, or (D)exterity?
You feel stronger. The gnoll hits you with a spear.
You slash the gnoll!
You kill the gnoll!
Trog accepts your kill.
You hit the gnoll.
You are no longer berserk.
You are exhausted.
You feel yourself slow down.
You barely miss the gnoll.
The gnoll is almost dead.
The kobold throws a stone.
The stone hits you but does no damage. The gnoll closely misses you.
The goblin barely misses you. The gnoll hits you with a spear!
* * * LOW HITPOINT WARNING * * *
You closely miss the gnoll.
The gnoll is almost dead.
You barely miss the goblin. The goblin closely misses you.
The gnoll barely misses you. The goblin barely misses you.
Unknown command.
You aren't carrying any potions.
You aren't carrying any scrolls.
You closely miss the gnoll.
The gnoll is almost dead.
You miss the goblin. The gnoll hits you with a spear!
You die...

#.# #.# ###.#
###...# .
###.....# #.#
#......## ...8#
###.....##
......###......##
.....Kg@.....#.#
......g).†..####
....######### ###


You could see a gnoll, a goblin and a kobold.

Vanquished Creatures
  3 gnolls (D:2)
  3 bats (D:2)
  A frilled lizard (D:1)
  2 goblins
  2 kobolds
  3 rats
14 creatures vanquished.

Notes
Turn   | Place    | Note
-------+----------+-------------------------------------------
     0 | D:1      | Mgcat the Hill Orc Berserker began the quest for the Orb.
     0 | D:1      | Reached XP level 1. HP: 19/19 MP: 1/1
   122 | D:2      | Reached XP level 2. HP: 25/26 MP: 2/2
   151 | D:2      | Reached skill level 5 in Axes
   157 | D:2      | Reached XP level 3. HP: 19/31 MP: 3/3
   159 | D:2      | HP: 1/31 [gnoll/spear (11)]
   161 | D:2      | Mangled by a gnoll

Vault maps used:
D:1:      onia_arrival_pentagram, minmay_stone_trees_small
D:2:      fedhas_altar_3, nicolae_tso_carved_into_rock,
          nicolae_ru_the_path_less_chosen, gammafunk_temple_overflow_forgotten,
          uniq_robin, uniq_crazy_yiuf_cottage

Skill      XL: |  1  2 |
---------------+-------+-----
Axes           | 5 |  5.9
Fighting       | |  3.6
Armour         | |  2.1
Dodging        | |  1.5

Action                   || total
-------------------------++-------
Melee: Hand axe          ||    35
Invok: Berserk           ||     1
 Stab: Sleeping          ||     1
Armor: Animal skin       ||     8
Dodge: Dodged            ||    24

Table legend:
 A = Spawn XP
 B = Non-spawn XP
 C = Spawn XP percentage of total XP
 D = Spawn monster count
 E = Non-spawn monster count
 F = Spawn count percentage of total count
 G = Total turns spent on level
                    A         B        C        D         E        F      G
               +---------+---------+-------+---------+---------+-------+---------
         Total |       0 |      57 |   0.0 |       0 |      14 |   0.0 |   161
               +---------+---------+-------+---------+---------+-------+---------
           D:1 |       0 |       5 |   0.0 |       0 |       5 |   0.0 |    83
           D:2 |       0 |      52 |   0.0 |       0 |       9 |   0.0 |    78
               +---------+---------+-------+---------+---------+-------+---------

Vault maps used:
D:1:      onia_arrival_pentagram, minmay_stone_trees_small
D:2:      fedhas_altar_3, nicolae_tso_carved_into_rock,
          nicolae_ru_the_path_less_chosen, gammafunk_temple_overflow_forgotten,
          uniq_robin, uniq_crazy_yiuf_cottage

Table legend:
 A = Turns spent in this place as a percentage of turns spent in the entire game.
 B = Non-inter-level travel turns spent in this place as a percentage of non-inter-level travel turns spent in the entire game.
 C = Inter-level travel turns spent in this place as a percentage of turns spent in this place.
 D = Turns resting spent in this place as a percentage of non-inter-level travel turns spent in this place.
 E = Turns spent auto-exploring this place as a percentage of non-inter-level travel turns spent in this place.
 F = Non-inter-level travel turns spent in this place divided by the number of levels of this place that you've seen.
                   A       B       C       D       E      F
               +-------+-------+-------+-------+-------+----------------------
         Total | 100.0 | 100.0 |   0.0 |   0.0 |  47.8 |  80.5
       Dungeon | 100.0 | 100.0 |   0.0 |   0.0 |  47.8 |  80.5
               +-------+-------+-------+-------+-------+----------------------

Table legend:
 A = Kills in this place as a percentage of kills in entire the game.
 B = Kills by you in this place as a percentage of kills by you in the entire game.
 C = Kills by friends in this place as a percentage of kills by friends in the entire game.
 D = Other kills in this place as a percentage of other kills in the entire game.
 E = Experience gained in this place as a percentage of experience gained in the entire game.
 F = Experience gained in this place divided by the number of levels of this place that you have seen.
                   A       B       C       D       E      F
               +-------+-------+-------+-------+-------+----------------------
         Total | 100.0 | 100.0 |   N/A |   N/A | 100.0 |  28.5
       Dungeon | 100.0 | 100.0 |   N/A |   N/A | 100.0 |  28.5
               +-------+-------+-------+-------+-------+----------------------
